 Dungeon Crawl Stone Soup version 0.28.0-53-g5a82cb258f (webtiles) character file.

Game seed: 12065356774271862486

88 Descartes the Stinger (level 4, -1/27 HPs)
             Began as an Octopode Venom Mage on June 28, 2022.
             Slain by an adder (4 damage)
             ... on level 3 of the Dungeon.
             The game lasted 00:06:34 (2695 turns).

Descartes the Stinger (Octopode Venom Mage)         Turns: 2695, Time: 00:06:35

Health: -1/27      AC:  1    Str:  7    XL:     4   Next: 54%
Magic:  16/16      EV: 13    Int: 17    God:
Gold:   85         SH:  0    Dex: 14    Spells: 7/8 levels left

rFire   . . .      SeeInvis .   m - +0 trident
rCold   . . .      Faith    .   (no shield)
rNeg    . . .      Spirit   .   (helmet restricted)
rPois   .          Reflect  .   (no amulet)
rElec   .          Harm     .   c - ring of magical power
rCorr   .          Rampage  .   (no ring)
Will    .....                   (no ring)
Stlth   +++.......              (no ring)
HPRegen 0.09/turn               (no ring)
MPRegen 0.15/turn               (no ring)
                                (no ring)
                                (no ring)

@: no status effects
A: almost no armour, amphibious, 8 rings, camouflage 1, gelatinous body 1,
(nimble swimmer 1), tentacles
a: no special abilities


You were on level 3 of the Dungeon.
You visited 1 branch of the dungeon, and saw 3 of its levels.

You collected 85 gold pieces.

Inventory:

Hand Weapons
 a - a +0 hunting sling
 d - a +0 whip
 h - a +0 dagger
 m - a +0 trident (weapon)
Missiles
 b - 67 stones
 g - 25 bolts
 j - 30 sling bullets
 n - 28 arrows
 o - 3 curare-tipped darts
Jewellery
 c - a ring of magical power (left tentacle)
Scrolls
 e - a scroll of fear {unknown}
 f - 3 scrolls of identify {unknown}
 i - 2 scrolls of teleportation {unknown}
 k - 2 scrolls of magic mapping {unknown}
 l - a scroll of enchant weapon {unknown}


   Skills:
 + Level 2.6 Dodging
 + Level 3.8 Stealth
 + Level 2.5 Spellcasting
 + Level 1.9 Transmutations
 + Level 4.2 Poison Magic


You had 7 spell levels left.
You knew the following spells:

 Your Spells              Type           Power      Damage    Failure   Level
a - Sting                 Tmut/Pois      48%        1d5       4%          1

Your spell library contained the following spells:

 Spells                   Type           Power      Damage    Failure   Level
 Poisonous Vapours        Pois/Air       18%        N/A       12%         2
 Summon Small Mammal      Summ           8%         N/A       19%         1
 Mephitic Cloud           Conj/Pois/Air  7%         N/A       30%         3
 Olgreb's Toxic Radiance  Pois           16%        N/A       30%         4
 Call Canine Familiar     Summ           2%         N/A       50%         3
 Summon Guardian Golem    Hex/Summ       2%         N/A       50%         3
 Tukima's Dance           Hex            2%         N/A       50%         3
 Passage of Golubria      Tloc           2%         N/A       88%         4
 Yara's Violent Unravell  Hex/Tmut       2%         3d3       98%         5
 Ozocubu's Refrigeration  Ice            1%         4d5       100%        7
 Ignition                 Fire           1%         3d3       100%        8


Dungeon Overview and Level Annotations

Branches:
Dungeon (3/15)

Altars:


Innate Abilities, Weirdness & Mutations

You cannot wear most types of armour.
You are amphibious.
You can wear up to eight rings at the same time.
Your skin changes colour to match your surroundings (Stealth+).
Your rubbery body absorbs attacks. (AC +1, EV +1)
((You are camouflaged when in or above water. (Stealth+)))
You have tentacles for arms and can constrict up to eight enemies at once.


Message History

The gnoll is moderately wounded.
The bat hits you.
Things that are here:
a +0 club; a gnoll corpse The bat barely misses you.
You hit the bat but do no damage. Your grab misses the bat.
Your squeeze misses the bat. The bat hits you. The bat misses you.
The gnoll hits you with a +0 club! The gnoll hits you with a +0 club.
The bat hits you.
The gnoll falls through a shaft!
The shaft crumbles and collapses.
The adder bites you.
* * * LOW HITPOINT WARNING * * *
The adder misses you. The bat barely misses you. The bat closely misses you.
The bat hits you.
* * * LOW HITPOINT WARNING * * *
The bat closely misses you.
Casting: Sting (safe; 4% risk of failure)
Confirm with . or Enter, or press ? or * to list all spells.
Aiming: Sting (safe; 4% risk of failure)
Press: ? - help, Shift-Dir - straight line, f/p - gnoll
Aim: a gnoll, wielding a +0 club (moderately wounded, 75% to hit)
The sting hits the bat but does no damage.
The bat is poisoned.
The bat misses you. The bat hits you.
* * * LOW HITPOINT WARNING * * *
You barely miss the bat. Your grab misses the bat.
The bat hits you but does no damage. x2; The bat barely misses you.
You aren't carrying any potions.
You completely miss the bat. You grab the bat.
The bat is severely wounded.
You constrict the bat.
You kill the bat!
The adder misses you.
You closely miss the adder. You grab the adder. You constrict the adder.
The adder bites you.
* * * LOW HITPOINT WARNING * * *
You hit the adder. You squeeze the adder.
The adder is severely wounded.
You constrict the adder. The adder bites you.
You die...

............###.........
..#.......#####..<......
#............#..........
.....#.................#
..##.........#..######.. .
......#..###..########
.......................
....##...........#..... ####
#@##.####.##..####
##S##.####.#..#####
#rg##...##.#.###...
#.....)..#.#.##..##
#...............## .[......#
#...............### .......(#
##...........###....
........###...........####....
............).........# #.....


You could see a gnoll, an adder and a rat.

Vanquished Creatures
  2 gnolls
  2 adders (D:2)
  A dart slug (D:2)
  6 ball pythons
  5 endoplasms
  6 goblins
  6 hobgoblins
  4 jackals (D:1)
  A quokka (D:1)
  4 bats
  6 kobolds
  2 rats (D:2)
45 creatures vanquished.

Vanquished Creatures (others)
  A plant (D:1)
1 creature vanquished.

Grand Total: 46 creatures vanquished

Notes
Turn   | Place    | Note
-------+----------+-------------------------------------------
     0 | D:1      | Descartes the Octopode Venom Mage began the quest for the
                  | Orb.
     0 | D:1      | Reached XP level 1. HP: 11/11 MP: 3/3
   310 | D:1      | Reached XP level 2. HP: 15/17 MP: 1/5
  1281 | D:1      | Reached XP level 3. HP: 12/21 MP: 6/6
  1403 | D:1      | Found a faded altar of an unknown god.
  1462 | D:2      | Reached skill level 4 in Poison Magic
  1876 | D:2      | HP: 1/21 [poisoned by an adder]
  1880 | D:2      | Reached XP level 4. HP: 16/27 MP: 7/7
  2695 | D:3      | Slain by an adder

Illustrated notes

Levels and vault maps discovered:
D:1:      matt_arrival_spirals, layout_basic, shapermc_ecumenical_altar_ellora
D:2:      layout_basic
D:3:      layout_rooms

Skill      XL: |  1  2  3 |
---------------+----------+-----
Stealth        | 3 |  3.8
Poison Magic   | 4 |  4.2
Dodging        | |  2.6
Spellcasting   | |  2.5
Transmutations | |  1.9

Action                   |  1- 3 |  4- 6 || total
-------------------------+-------+-------++-------
Melee: Unarmed           |    23 |       ||    23
       Constrict         |    19 |     8 ||    27
       Tentacles         |    11 |     5 ||    16
       Whip              |    29 |     1 ||    30
       Trident           |       |    26 ||    26
       Punch             |       |     1 ||     1
 Cast: Sting             |    26 |     4 ||    30
  Use: Potion            |     1 |       ||     1
 Stab: Sleeping          |     4 |     1 ||     5
Armor: Skin              |     4 |     2 ||     6
Dodge: Dodged            |    43 |    15 ||    58
